 Dungeon Crawl Stone Soup version 0.31.0 (webtiles) character file.

Game seed: 5411430888645003827

1710 qw the Skirmisher (level 9, -7/57 HPs)
             Began as a Gargoyle Hunter on Jan 20, 2024.
             Was an Initiate of Okawaru.
             Mangled by a gnoll sergeant
             ... wielding a +1 trident of venom
              (9 damage)
             ... on level 7 of the Dungeon.
             The game lasted 00:00:37 (6740 turns).

qw the Skirmisher (Gargoyle Hunter)                 Turns: 6740, Time: 00:00:38

Health: -7/57      AC: 11    Str: 15    XL:     9   Next: 3%
Magic:  9/9        EV: 12    Int: 13    God:    Okawaru [......]
Gold:   216        SH:  0    Dex: 16    Spells: 8/8 levels left

rFire   . . .        a - +1 shortbow
rCold   + . .        (shield currently unavailable)
rNeg    + . .        o - +2 robe {Will+}
rPois   inf          (helmet restricted)
rElec   +            (no cloak)
rCorr   .            n - +0 pair of gloves
SInv    .            (no boots)
Will    ++...        (no amulet)
Stlth   ++           f - ring of willpower
HPRegen 0.29/turn    c - ring of protection from cold
MPRegen 0.11/turn

%: no passive effects
@: about to teleport
A: sickness immunity, AC +6, negative energy resistance 1, electricity
resistance, torment resistance 1, petrification resistance, horns 1, clever 1
a: Renounce Religion


You were on level 7 of the Dungeon.
You worshipped Okawaru.
Okawaru was noncommittal.
You visited 2 branches of the dungeon, and saw 8 of its levels.
You also visited: Ossuary.

You collected 300 gold pieces.
You spent 84 gold pieces at shops.


Innate Abilities, Weirdness & Mutations

You are immune to sickness and miasma.
Your stone body is resilient. (AC +6)
You are immune to poison.
You resist negative energy. (rN+)
You are resistant to electric shocks. (rElec)
You are resistant to unholy torment.
You are immune to petrification.
You have a pair of small horns on your head.
Your mind is acute. (Int +4, Str/Dex -1)


   Skills:
 - Level 7.0 Fighting
 - Level 10.0 Ranged Weapons
 - Level 1.0 Armour
 + Level 2.2 Dodging
 - Level 1.1 Stealth


You had 8 spell levels left.
You didn't know any spells.
Your spell library was empty.

Inventory:

Hand Weapons
 a - a +1 shortbow (weapon)
Armour
 n - a +0 pair of gloves (worn)
 o - a +2 robe of willpower (worn)
Jewellery
 c - a ring of protection from cold (right hand)
 f - a ring of willpower (left hand)
 h - a ring of resist corrosion
Wands
 k - a wand of flame (27)
Scrolls
 g - a scroll of teleportation
Potions
 b - a potion of resistance
 d - a potion of haste
 e - 3 potions of curing
 i - a potion of enlightenment
 j - a potion of heal wounds
 m - a potion of mutation
 q - 3 potions of might
 x - a potion of invisibility {unknown}

Dungeon Overview and Level Annotations

Branches:
Dungeon (7/15)             Temple (1/1) D:6         Ossuary (visited)

Altars:
Cheibriados
Dithmenos
Elyvilon
Gozag
Hepliaklqana
Makhleb
Okawaru
Qazlal
Ru
Sif Muna
Trog
Uskayaw
Vehumet
Wu Jian
Xom
Yredelemnul
Zin
The Shining One

Shops:
D:2 !   D:4 *

Annotations:
D:3 1 runed translucent door


Message History

The gnoll sergeant misses you.
You shoot an arrow.
The arrow completely misses the gnoll sergeant.
The arrow hits the gnoll.
The gnoll is moderately wounded.
The gnoll sergeant hits you from afar with a +1 trident of venom!
You shoot an arrow. The arrow hits the gnoll sergeant.
The gnoll sergeant is almost dead.
The gnoll sergeant completely misses you.
You shoot an arrow. The arrow barely misses the gnoll.
You shoot an arrow. The arrow hits the gnoll.
The gnoll is heavily wounded.
The gnoll barely misses you. x2; The gnoll sergeant barely misses you.
You shoot an arrow. The arrow hits the gnoll!
The gnoll is almost dead.
The gnoll hits you with a +0 club. The gnoll closely misses you.
The gnoll sergeant hits you from afar with a +1 trident of venom.
You shoot an arrow. The arrow completely misses the gnoll.
The gnoll completely misses you. The gnoll barely misses you.
The gnoll sergeant hits you but does no damage.
You shoot an arrow. The arrow hits the gnoll.
You kill the gnoll!
Okawaru accepts your kill. The ogre hits you with a +0 giant club!
The gnoll completely misses you.
The gnoll sergeant hits you from afar with a +1 trident of venom!
You shoot an arrow. The arrow hits the ogre!
The ogre is heavily wounded.
The gnoll completely misses you.
The gnoll sergeant hits you from afar with a +1 trident of venom!
You shoot an arrow. The arrow hits the ogre!
The ogre is severely wounded.
The ogre barely misses you.
The gnoll hits you from afar with a +0 halberd!
The gnoll sergeant hits you from afar with a +1 trident of venom!
6740 ||| READING 2 scrolls of teleportation.
As you read the scroll of teleportation, it crumbles to dust.
You feel strangely unstable. The ogre hits you but does no damage.
The gnoll barely misses you.
The gnoll sergeant hits you from afar with a +1 trident of venom!
You die...

#......# #......#
#......# #......#
#......# # #......#
...
..#......#######.....
..######.....@O......
.........#[..)..)....
.........#....gg.....
.........#...........
.........#...........
..##....##...........
##....########.....
#............#.....
#............#


You could see an ogre, a gnoll sergeant and a gnoll.

Vanquished Creatures
  A water moccasin (D:7)
  A sky beast (D:6)
  2 ice beasts (D:5)
  A black bear (D:6)
  A phantom (D:5)
  4 scorpions
  A howler monkey (D:6)
  4 hounds
  3 centaur zombies (Ossuary)
  A jelly (D:5)
  A bombardier beetle (D:3)
  Jessica (D:3)
  4 iguanas
  5 orc wizards (D:5)
  2 ogre zombies (Ossuary)
  8 mummies
  4 adders
  6 gnolls
  3 shadow imps
  4 adder zombies (Ossuary)
  3 dart slugs
  3 orcs (D:5)
  5 endoplasms
  A giant cockroach (D:1)
  2 gnoll zombies (Ossuary)
  7 goblins
  8 hobgoblins
  4 jackals
  A quokka (D:2)
  10 ball pythons
  8 bats
  5 frilled lizards
  4 goblin zombies (Ossuary)
  6 hobgoblin zombies (Ossuary)
  A jackal skeleton (D:3)
  A jackal zombie (D:3)
  8 kobolds
  5 kobold zombies (Ossuary)
  2 quokka zombies (Ossuary)
  5 rats
  2 rat zombies (Ossuary)
148 creatures vanquished.

Notes
Turn   | Place    | Note
-------+----------+-------------------------------------------
     0 | D:1      | qw the Gargoyle Hunter began the quest for the Orb.
     0 | D:1      | Reached XP level 1. HP: 12/12 MP: 1/1
     0 | D:1      | 0 ||| qw: Version: 0.3-a-132-g3d54051
     0 | D:1      | 0 ||| qw: Game counter: 461
     0 | D:1      | 0 ||| qw: Melee chars always use a shield: true
     0 | D:1      | 0 ||| qw: God list: Okawaru
     0 | D:1      | 0 ||| qw: Allow faded altars: false
     0 | D:1      | 0 ||| qw: Do Orc after clearing Dungeon:15 true
     0 | D:1      | 0 ||| qw: Do second Lair branch before Depths: true
     0 | D:1      | 0 ||| qw: Lair rune preference: random
     0 | D:1      | 0 ||| qw: Goals: Normal
     0 | D:1      | 0 ||| PLANNING D:1-11
    78 | D:1      | Reached XP level 2. HP: 17/17 MP: 2/2
   354 | D:1      | Reached XP level 3. HP: 21/21 MP: 3/3
   638 | D:1      | 638 ||| READING scroll labelled VAXEGGOXKE.
   638 | D:1      | 638 ||| ENCHANTING +0 shortbow.
   639 | D:1      | 639 ||| READING 2 scrolls labelled VEIQ ICHISIMP.
   643 | D:1      | 643 ||| READING scroll labelled WAUPHI YQAUNTE.
   643 | D:1      | 643 ||| IDENTIFYING bubbling brown potion
   644 | D:1      | 644 ||| DROPPING scroll of butterflies.
   669 | D:2      | Reached skill level 5 in Ranged Weapons
   817 | D:2      | Reached skill level 3 in Fighting
   914 | D:2      | 914 ||| DRINKING 2 viscous purple potions.
   921 | D:2      | 921 ||| FLEEEEING.
  1045 | D:2      | Reached XP level 4. HP: 28/28 MP: 4/4
  1139 | D:2      | Found Xoedutz's Distillery.
  1152 | D:2      | 1152 ||| BUYING 2 potions of curing (72 gold).
  1152 | D:2      | Bought 2 potions of curing for 72 gold pieces
  1152 | D:2      | 1152 ||| SHOPLISTING 2 potions of mutation (192 gold, have
                  | 1).
  1152 | D:2      | 1152 ||| SHOPLISTING potion of curing (36 gold, have 1).
  1152 | D:2      | 1152 ||| SHOPLISTING potion of might (48 gold, have 1).
  1152 | D:2      | 1152 ||| SHOPLISTING potion of mutation (96 gold, have 1).
  1393 | D:2      | 1393 ||| READING scroll labelled UDGHILL AHOO.
  1394 | D:2      | 1394 ||| DRINKING 2 silvery potions.
  1395 | D:2      | 1395 ||| DRINKING 3 potions of curing.
  1395 | D:2      | 1395 ||| (to cure confusion)
  1396 | D:2      | 1396 ||| DROPPING potion of ambrosia.
  1593 | D:3      | Found a runed translucent door.
  1593 | D:3      | Noticed a human
  1620 | D:3      | Found a basalt altar of Yredelemnul.
  1708 | D:3      | Found a faded altar of an unknown god.
  1712 | D:3      | Found a shimmering blue altar of Sif Muna.
  1759 | D:3      | Noticed Jessica
  1763 | D:3      | Killed Jessica
  1855 | D:3      | 1855 ||| FLEEEEING.
  1858 | D:3      | HP: 7/28 [burnt (7)]
  1859 | D:3      | Reached skill level 6 in Ranged Weapons
  1859 | D:3      | Reached XP level 5. HP: 8/32 MP: 5/5
  1864 | D:3      | 1864 ||| STAIRDANCE
  1953 | D:2      | 1953 ||| UPGRADING to +0 ring mail.
  1963 | D:2      | 1963 ||| DROPPING +0 leather armour.
  1964 | D:2      | 1964 ||| UPGRADING to ring of willpower.
  1986 | D:3      | Found a faded altar of an unknown god.
  2155 | D:3      | 2155 ||| FLEEEEING.
  2165 | D:3      | 2165 ||| DROPPING ring of magical power.
  2166 | D:3      | 2166 ||| FLEEEEING.
  2745 | D:4      | Reached skill level 1 in Armour
  2745 | D:4      | 2745 ||| FLEEEEING.
  2781 | D:4      | 2781 ||| UPGRADING to +0 pair of gloves.
  2786 | D:4      | 2786 ||| FLEEEEING.
  2788 | D:4      | 2788 ||| STAIRDANCE
  2790 | D:3      | 2790 ||| READING scroll labelled JOTES JANEELAI.
  2891 | D:3      | 2891 ||| DRINKING 2 orange potions.
  2924 | D:4      | Found Tataarr's CLEARANCE SALE!.
  2932 | D:4      | 2932 ||| BUYING scroll of teleportation (12 gold).
  2932 | D:4      | Bought a scroll of teleportation for 12 gold pieces
  3074 | D:4      | Reached XP level 6. HP: 24/38 MP: 6/6
  3423 | D:5      | Entered Level 5 of the Dungeon
  3424 | D:5      | 3424 ||| PLANNING OSSUARY
  3444 | D:5      | 3444 ||| FLEEEEING.
  3446 | D:5      | 3446 ||| STAIRDANCE
  3518 | D:5      | 3518 ||| FLEEEEING.
  3519 | D:5      | 3519 ||| FLEEEEING.
  3520 | D:5      | 3520 ||| FLEEEEING.
  3521 | D:5      | 3521 ||| FLEEEEING.
  3523 | D:5      | 3523 ||| STAIRDANCE
  3557 | D:4      | 3557 ||| UPGRADING to +2 robe of willpower.
  3567 | D:4      | 3567 ||| DROPPING +0 ring mail.
  3583 | D:5      | 3583 ||| FLEEEEING.
  3585 | D:5      | 3585 ||| STAIRDANCE
  3641 | D:5      | Noticed an ice beast
  3642 | D:5      | 3642 ||| RETREEEEATING.
  3643 | D:5      | 3643 ||| RETREEEEATING.
  3649 | D:5      | 3649 ||| RETREEEEATING.
  3650 | D:5      | 3650 ||| RETREEEEATING.
  3651 | D:5      | 3651 ||| RETREEEEATING.
  3652 | D:5      | 3652 ||| RETREEEEATING.
  3653 | D:5      | 3653 ||| RETREEEEATING.
  3655 | D:5      | Reached skill level 7 in Ranged Weapons
  3663 | D:5      | HP: 1/38 [ice beast (12)]
  3664 | D:5      | 3664 ||| READING 4 scrolls of teleportation.
  3818 | D:5      | Found a sand-covered staircase.
  3828 | D:5      | Reached XP level 7. HP: 33/43 MP: 7/7
  3869 | Ossuary  | Entered an ossuary
  4252 | Ossuary  | 4252 ||| RETREEEEATING.
  4253 | Ossuary  | 4253 ||| RETREEEEATING.
  4257 | Ossuary  | 4257 ||| RETREEEEATING.
  4264 | Ossuary  | 4264 ||| RETREEEEATING.
  4265 | Ossuary  | 4265 ||| RETREEEEATING.
  4282 | Ossuary  | Reached skill level 8 in Ranged Weapons
  4293 | Ossuary  | HP: 2/43 [mummy (12)]
  4294 | Ossuary  | 4294 ||| READING 3 scrolls of teleportation.
  4535 | Ossuary  | 4535 ||| READING 2 scrolls of identify.
  4535 | Ossuary  | 4535 ||| IDENTIFYING green potion
  4536 | Ossuary  | 4536 ||| READING scroll of identify.
  4536 | Ossuary  | 4536 ||| IDENTIFYING smoky coppery potion
  4537 | Ossuary  | 4537 ||| READING scroll labelled LOOLAHYALI.
  4537 | Ossuary  | 4537 ||| ENCHANTING +0 shortbow.
  4538 | Ossuary  | 4538 ||| READING scroll labelled TAFIXON WADE.
  4539 | Ossuary  | 4539 ||| READING scroll labelled KUOWUK CU VAS.
  4540 | Ossuary  | 4540 ||| READING scroll labelled COIF GOGYLUST.
  4541 | Ossuary  | 4541 ||| READING scroll labelled NAEWNU AGGU.
  4542 | Ossuary  | 4542 ||| DRINKING 2 fizzy grey potions.
  4543 | Ossuary  | 4543 ||| DRINKING 2 emerald potions.
  4544 | Ossuary  | 4544 ||| DRINKING 2 fuming coppery potions.
  4544 | Ossuary  | Gained mutation: Your mind is acute. (Int +4, Str/Dex -1)
                  | [potion of mutation]
  4544 | Ossuary  | Gained mutation: You have a pair of small horns on your
                  | head. [potion of mutation]
  4545 | Ossuary  | 4545 ||| DRINKING 2 white potions.
  4546 | Ossuary  | 4546 ||| DROPPING potion of degeneration.
  4547 | Ossuary  | 4547 ||| DROPPING potion of attraction.
  4548 | Ossuary  | 4548 ||| DROPPING potion of brilliance.
  4565 | D:5      | 4565 ||| PLANNING D:1-11
  4666 | D:5      | Found a shadowy altar of Dithmenos.
  4722 | D:5      | 4722 ||| FLEEEEING.
  4733 | D:5      | 4733 ||| FLEEEEING.
  4744 | D:5      | 4744 ||| FLEEEEING.
  4822 | D:5      | Reached XP level 8. HP: 31/49 MP: 8/8
  4822 | D:5      | 4822 ||| FLEEEEING.
  4983 | D:5      | HP: 12/49 [ice beast (14)]
  4984 | D:5      | 4984 ||| READING 3 scrolls of teleportation.
  4985 | D:5      | 4985 ||| DRINKING potion of heal wounds.
  4987 | D:5      | 4987 ||| FLEEEEING.
  5107 | D:5      | Reached skill level 9 in Ranged Weapons
  5107 | D:5      | 5107 ||| FLEEEEING.
  5242 | D:5      | 5242 ||| FLEEEEING.
  5250 | D:5      | 5250 ||| STAIRDANCE
  5373 | D:4      | 5373 ||| READING scroll of identify.
  5373 | D:4      | 5373 ||| IDENTIFYING glowing pink potion
  5374 | D:4      | 5374 ||| DRINKING 2 lumpy inky potions.
  5375 | D:4      | 5375 ||| DROPPING potion of berserk rage.
  5441 | D:5      | Found a burning altar of Makhleb.
  5540 | D:5      | Found a glowing silver altar of Zin.
  5541 | D:5      | 5541 ||| READING scroll of identify.
  5541 | D:5      | 5541 ||| IDENTIFYING bubbling ruby potion
  5542 | D:5      | 5542 ||| READING scroll labelled CYVUSY EPRUHIN.
  5543 | D:5      | 5543 ||| DROPPING potion of magic.
  5603 | D:6      | Reached skill level 6 in Fighting
  5613 | D:6      | Found a staircase to the Ecumenical Temple.
  5614 | D:6      | 5614 ||| PLANNING TEMPLE
  5622 | Temple   | Entered the Ecumenical Temple
  5623 | Temple   | 5623 ||| PLANNING OKAWARU WORSHIP
  5631 | Temple   | Became a worshipper of Warmaster Okawaru
  5632 | Temple   | 5632 ||| PLANNING D:1-11
  5793 | D:6      | 5793 ||| FLEEEEING.
  5880 | D:6      | Found a white marble altar of Elyvilon.
  5917 | D:6      | 5917 ||| FLEEEEING.
  5924 | D:6      | 5924 ||| STAIRDANCE
  5945 | D:5      | 5945 ||| UPGRADING to ring of protection from cold.
  6042 | D:6      | 6042 ||| DRINKING 2 potions of haste.
  6139 | D:6      | Found an opulent altar of Gozag.
  6159 | D:6      | Found an ornate altar of the Wu Jian Council.
  6243 | D:6      | Reached skill level 10 in Ranged Weapons
  6672 | D:7      | Reached XP level 9. HP: 47/57 MP: 9/9
  6672 | D:7      | 6672 ||| FLEEEEING.
  6739 | D:7      | HP: 9/57 [gnoll/+0 halberd[a gnoll sergeant] (7)]
  6739 | D:7      | HP: 1/57 [gnoll sergeant/+1 trident of venom (8)]
  6740 | D:7      | 6740 ||| READING 2 scrolls of teleportation.
  6740 | D:7      | Mangled by a gnoll sergeant

Levels and vault maps discovered:
D:1:      eino_arrival_druids_welcome, layout_loops_ring
D:2:      layout_basic, serial_shops, shop, serial_glass, glass_columns_c,
          glass_columns_b, glass_columns_a, glass_columns_c, glass_columns_b,
          glass_columns_b, glass_columns_b, glass_columns_a,
          minmay_curled_crystal
D:3:      layout_basic, nicolae_overflow_ecumenical_swirl,
          dk_yredelemnul_ordeal, nicolae_ecumenical_oubliette, uniq_jessica
D:4:      layout_basic, nicolae_shop_clearance
D:5:      cheibrodos_quashed, layout_rooms, mainiacjoe_overflow_chevrons,
          bloody_makhleb, zin_statuary, gup_ossuary_entry_pyramid,
          serial_library_hellmonk_narrow_alcove
D:6:      layout_basic, kennysheep_mini_moat, elyvilon_altar_1,
          mainiacjoe_overflow_alcove_4, minmay_temple_entry_sparse_star
D:7:      layout_gridville, kiku_gazebo_garden_becter,
          mainiacjoe_overflow_24_doors, uniq_duvessa, uniq_maurice
Temple:   eino_temple_lava

Skill      XL: |  1  2  3  4  5  6  7  8 |
---------------+-------------------------+-----
Ranged Weapons | 5 6 7 8 10 | 10.0
Fighting       | 3 4 5 7 |  7.0
Armour         | 1 |  1.0
Dodging        | 2 |  2.2
Stealth        | |  1.1

Action                     |  1- 3 |  4- 6 |  7- 9 || total
---------------------------+-------+-------+-------++-------
   Fire: Shortbow          |   108 |   198 |   469 ||   775
    Use: Scroll            |     3 |     3 |    13 ||    19
         Potion            |     1 |     3 |     7 ||    11
 Armour: Leather armour    |    16 |    16 |       ||    32
         Ring mail         |       |    68 |       ||    68
         Robe              |       |    20 |   178 ||   198
  Dodge: Dodged            |    16 |    69 |   141 ||   226

Table legend:
 A = Non-vault XP
 B = Vault XP
 C = Vault XP percentage of total XP
 D = Non-vault monster count
 E = Vault monster count
 F = Vault count percentage of total count
                 A         B        C        D         E       F
            +---------+---------+-------+---------+---------+-------
      Total |    2018 |     426 |  17.4 |     106 |      42 |  28.4
            +---------+---------+-------+---------+---------+-------
        D:1 |      38 |       0 |   0.0 |      23 |       0 |   0.0
        D:2 |      48 |       0 |   0.0 |      20 |       0 |   0.0
        D:3 |      72 |      39 |  35.1 |      19 |       3 |  13.6
        D:4 |     186 |       0 |   0.0 |       8 |       0 |   0.0
        D:5 |     929 |      29 |   3.0 |      19 |       2 |   9.5
        D:6 |     568 |       0 |   0.0 |      14 |       0 |   0.0
        D:7 |     177 |       0 |   0.0 |       3 |       0 |   0.0
    Ossuary |       0 |     358 | 100.0 |       0 |      37 | 100.0
            +---------+---------+-------+---------+---------+-------
